 Dungeon Crawl Stone Soup version 0.21-a0-513-gdcb3f5e (webtiles) character file.

200 slep the Chopper (level 5, -1/39 HPs)
             Began as a Demonspawn Gladiator on Dec 3, 2017.
             Slain by an adder (3 damage)
             ... on level 2 of the Dungeon.
             The game lasted 00:02:48 (948 turns).

slep the Chopper (Demonspawn Gladiator)              Turns: 948, Time: 00:02:48

Health: -1/39      AC:  3    Str: 19    XL:     5   Next: 49%
Magic:  5/5        EV: 13    Int:  9    God:
Gold:   54         SH:  0    Dex: 16    Spells: 4/4 levels left

rFire    . . .     SeeInvis .   a - +0 war axe
rCold    . . .     Gourm    .   (no shield)
rNeg     . . .     Faith    .   b - +0 leather armour
rPois    .         Spirit   .   (helmet restricted)
rElec    .         Reflect  .   (no cloak)
rCorr    .         Harm     .   (no gloves)
MR       .....                  (no boots)
Stlth    +.........             (no amulet)
HPRegen  0.13/turn              (no ring)
MPRegen  0.09/turn              (no ring)

@: mighty, lethally poisoned (-1 -> -5), flying
A: claws 1, horns 1, talons 1
a: no special abilities


You were on level 2 of the Dungeon.
You were not hungry.

You visited 1 branch of the dungeon, and saw 2 of its levels.

You collected 54 gold pieces.

Inventory:

Hand Weapons
 a - a +0 war axe (weapon)
Missiles
 d - 3 throwing nets (quivered)
Armour
 b - a +0 leather armour (worn)
 c - a +0 helmet
Scrolls
 e - a scroll of fear {unknown}
 g - 2 scrolls of teleportation {unknown}
 h - a scroll of remove curse {unknown}
Comestibles
 f - a bread ration
 j - a meat ration
 l - a chunk of flesh


   Skills:
 + Level 2.6 Fighting
 + Level 4.4 Axes
 + Level 1.8 Throwing
 + Level 1.8 Armour
 + Level 3.3 Dodging
 + Level 0.3 Stealth


You had 4 spell levels left.
You didn't know any spells.

Dungeon Overview and Level Annotations

Branches:
Dungeon (2/15)

Altars:


Innate Abilities, Weirdness & Mutations

You have sharp fingernails.
You have a pair of small horns on your head.
You have sharp toenails.


Message History

You are lethally poisoned!
The adder poisons you!
A kobold comes into view.
It is wielding an enchanted short sword.
You closely miss the adder. You claw the adder.
The adder is almost dead.
* * * LOW HITPOINT WARNING * * *
You feel sick.
The kobold moves out of view.
The adder misses you.
You miss the adder. You claw the adder, but do no damage.
The adder is almost dead.
* * * LOW HITPOINT WARNING * * *
You feel sick. The adder closely misses you.
The adder bites you but does no damage.
It was a potion of flight.
You feel very buoyant.
You fly up into the air.
The adder barely misses you.
It was a potion of might.
You feel very mighty all of a sudden.
* * * LOW HITPOINT WARNING * * *
You feel sick. The adder bites you.
You die...

### . #.. .# #.# ..#
#.# #..## #.#......
#######.#......
........S...... #@#
#.#
################.#
#................#.
#.#.................#
....##############..#
....# ..# ....# .#
....# .#


You could see an adder.

Vanquished Creatures
  Sigmund (D:2)
  An adder (D:2)
  An ooze (D:2)
  A dart slug (D:1)
  A leopard gecko (D:1)
  2 bats
  A giant cockroach (D:1)
  7 goblins
  2 hobgoblins
  4 frilled lizards
  4 kobolds (D:1)
  8 rats
33 creatures vanquished.

Notes
Turn   | Place    | Note
-------+----------+-------------------------------------------
     0 | D:1      | slep the Demonspawn Gladiator began the quest for the Orb.
     0 | D:1      | Reached XP level 1. HP: 16/16 MP: 1/1
    45 | D:1      | Gained mutation: You have sharp toenails. [demonic ancestry]
    45 | D:1      | Reached XP level 2. HP: 6/22 MP: 2/2
    81 | D:1      | HP: 1/22 [hobgoblin (4)]
   103 | D:1      | HP: 1/22 [frilled lizard (1)]
   700 | D:1      | Reached skill level 3 in Axes
   815 | D:2      | Noticed Sigmund
   831 | D:2      | Killed Sigmund
   831 | D:2      | Reached skill level 4 in Axes
   831 | D:2      | Reached skill level 1 in Armour
   831 | D:2      | Gained mutation: You have sharp fingernails. [demonic ancestry]
   831 | D:2      | Reached XP level 3. HP: 3/28 MP: 3/3
   831 | D:2      | Reached XP level 4. HP: 4/34 MP: 4/4
   831 | D:2      | Gained mutation: You have a pair of small horns on your head. [demonic ancestry]
   831 | D:2      | Reached XP level 5. HP: 5/39 MP: 5/5
   948 | D:2      | Slain by an adder

Vault maps used:
D:1:      dpeg_arrival_pits, minmay_vboxes
D:2:      minmay_split_cup_large, uniq_sigmund

Skill      XL: |  1  2 |
---------------+-------+-----
Dodging        | 3 |  3.3
Axes           | 4 |  4.4
Armour         | 1 |  1.8
Fighting       | |  2.6
Throwing       | |  1.8
Stealth        | |  0.3

Action                   |  1- 3 |  4- 6 || total
-------------------------+-------+-------++-------
Melee: War axe           |    55 |    15 ||    70
       Kick              |     6 |     4 ||    10
       Headbutt          |       |     2 ||     2
  Use: Potion            |       |     2 ||     2
Armor: Leather armour    |    13 |     2 ||    15
Dodge: Dodged            |    44 |    10 ||    54

Table legend:
 A = Spawn XP
 B = Non-spawn XP
 C = Spawn XP percentage of total XP
 D = Spawn monster count
 E = Non-spawn monster count
 F = Spawn count percentage of total count
 G = Total turns spent on level
                    A         B        C        D         E        F      G
               +---------+---------+-------+---------+---------+-------+---------
         Total |       0 |     287 |   0.0 |       0 |      33 |   0.0 |   948
               +---------+---------+-------+---------+---------+-------+---------
           D:1 |       0 |      39 |   0.0 |       0 |      25 |   0.0 |   803
           D:2 |       0 |     248 |   0.0 |       0 |       8 |   0.0 |   145
               +---------+---------+-------+---------+---------+-------+---------
